 Dungeon Crawl Stone Soup version 0.26.1-11-gd32895ea62 (webtiles) character file.

Game seed: 12021702826715411011

56 ubername the Cutter (level 3, 0/30 HPs)
             Began as a Merfolk Berserker on May 25, 2021.
             Was a Follower of Trog.
             Succumbed to a goblin's poison
             ... on level 2 of the Dungeon.
             The game lasted 00:02:46 (1922 turns).

ubername the Cutter (Merfolk Berserker)             Turns: 1922, Time: 00:02:46

Health: 0/30       AC:  4    Str: 18    XL:     3   Next: 95%
Magic:  3/3        EV: 13    Int:  6    God:    Trog [*.....]
Gold:   48         SH:  0    Dex: 13    Spells: 2/2 levels left

rFire    . . .     SeeInvis .   a - +1 short sword
rCold    . . .     Faith    .   (no shield)
rNeg     . . .     Spirit   .   l - +0 leather armour
rPois    .         Reflect  .   (no helmet)
rElec    .         Harm     .   (no cloak)
rCorr    .         Rampage  .   f - +0 pair of gloves
Will     .....                  (no boots)
Stlth    +.........             (no amulet)
HPRegen  0.10/turn              (no ring)
MPRegen  0.08/turn              (no ring)

@: lethally poisoned (0 -> -29)
A: change form in water, swift swim, stealthy swim
a: Renounce Religion, Berserk


You were on level 2 of the Dungeon.
You worshipped Trog.
Trog was aware of your devotion.
You visited 1 branch of the dungeon, and saw 2 of its levels.

You collected 48 gold pieces.

Inventory:

Hand Weapons
 a - a +1 short sword (weapon)
Missiles
 i - 2 silver boomerangs
Armour
 b - a +0 animal skin
 f - a +0 pair of gloves (worn)
 l - a +0 leather armour (worn)
 m - a +0 kite shield
Jewellery
 d - a +6 ring of strength {unknown}
Scrolls
 e - 2 scrolls of remove curse
 k - a scroll of teleportation


   Skills:
 + Level 3.9 Fighting
 + Level 4.6 Short Blades
 + Level 1.4 Armour
 + Level 3.5 Dodging
 + Level 0.2 Stealth


You had 2 spell levels left.
You didn't know any spells.
Your spell library was empty.

Dungeon Overview and Level Annotations

Branches:
Dungeon (2/15)

Altars:
The Shining One

Annotations:
D:2 Robin


Message History

As you read the scroll labelled WAPLOSEYSO, it crumbles to dust.
The scroll dissolves into smoke.
It was a scroll of fog.
You feel sick. The goblin barely misses you.
The goblin hits you but does no damage.
The goblin barely misses you. x2; The goblin hits you with a +0 dagger.
* * * LOW HITPOINT WARNING * * *
The goblin closely misses you.
As you read the scroll labelled EFUC PYANARI, it crumbles to dust.
You assume a fearsome visage.
Robin looks frightened!
The goblin looks frightened! x6; It was a scroll of fear.
* * * LOW HITPOINT WARNING * * *
You feel very sick.
You aren't carrying any potions.
As you read the scroll labelled CIKLYERESE, it crumbles to dust.
You feel strangely unstable.
It was a scroll of teleportation.
* * * LOW HITPOINT WARNING * * *
You feel very sick.
* * * LOW HITPOINT WARNING * * *
You feel sick.
Your surroundings suddenly seem different.
You die...

####### .# #.....# ..#
#.....# ##.##..# #...@.#
##...##..# #.....#
#.....+#..##.....#####
....... #........'..>#
..._... ###......###+#####
.......##................#
##.....##..##.............#
.## ##..####'###........#
..## ##..## #.# #........#


There were no monsters in sight!

Vanquished Creatures
  3 adders (D:2)
  A dart slug (D:2)
  A giant cockroach (D:1)
  8 goblins
  5 hobgoblins
  A bat (D:1)
  A frilled lizard (D:2)
  2 kobolds (D:2)
  4 rats
26 creatures vanquished.

Vanquished Creatures (others)
  19 plants (D:2)
19 creatures vanquished.

Grand Total: 45 creatures vanquished

Notes
Turn   | Place    | Note
-------+----------+-------------------------------------------
     0 | D:1      | ubername the Merfolk Berserker began the quest for the Orb.
     0 | D:1      | Reached XP level 1. HP: 18/18 MP: 1/1
     2 | D:1      | Noticed a halfling
     2 | D:1      | Noticed a gargoyle
     4 | D:1      | Noticed a merfolk
     4 | D:1      | Noticed a centaur
     6 | D:1      | Noticed a demonspawn
     6 | D:1      | Noticed an octopode
     8 | D:1      | Noticed a formicid
    10 | D:1      | Noticed a minotaur
    10 | D:1      | Noticed a felid
    12 | D:1      | Noticed a human
    12 | D:1      | Noticed a vine stalker
    17 | D:1      | Noticed a spriggan
    17 | D:1      | Noticed an elf
    19 | D:1      | Noticed a tengu
    19 | D:1      | Noticed a vampire
    21 | D:1      | Noticed a draconian
    21 | D:1      | Noticed a troll
    23 | D:1      | Noticed an ogre
    26 | D:1      | Noticed a demigod
    26 | D:1      | Noticed a dwarf
    28 | D:1      | Noticed a ghoul
    28 | D:1      | Noticed a naga
   178 | D:1      | Reached XP level 2. HP: 18/24 MP: 2/2
   358 | D:1      | Reached skill level 4 in Short Blades
  1026 | D:2      | Reached XP level 3. HP: 25/30 MP: 3/3
  1757 | D:2      | Found a glowing golden altar of the Shining One.
  1836 | D:2      | Noticed Robin
  1922 | D:2      | Succumbed to a goblin's poison

Illustrated notes

Levels and vault maps discovered:
D:1:      kb_arrival_jail, layout_rooms
D:2:      layout_basic, lemuel_coloured_pillars_altar, tso_metal_star,
          serial_bayou, serial_bayou_pond_b, serial_bayou_ford_a,
          serial_bayou_lake_a, serial_bayou_crossing, uniq_terence, uniq_robin

Skill      XL: |  1  2 |
---------------+-------+-----
Short Blades   | 4 |  4.6
Dodging        | 3 |  3.5
Fighting       | |  3.9
Armour         | |  1.4
Stealth        | |  0.2

Action                   || total
-------------------------++-------
Melee: Short sword       ||   136
       Tailslap          ||     4
  Use: Scroll            ||     5
       Potion            ||     1
Armor: Animal skin       ||    22
       Leather armour    ||     8
Dodge: Dodged            ||    97
